 Dungeon Sprint DCSS version 0.31.0-12-g77e489cdc1 (webtiles) character file.

Game seed: 3213396287700534370

581327 Groucho the End of an Era (level 23, -2/219 HPs)
             Began as a Merfolk Gladiator on Mar 6, 2024.
             Was the Champion of Qazlal.
             Killed from afar by Xaesue the pandemonium lord (12 damage)
             ... with a bolt of dispelling energy
             ... in the Dungeon (Sprint IX: "|||||||||||||||||||||||||||||") on Mar 7, 2024.
             The game lasted 01:14:16 (24060 turns).

Groucho the End of an Era (Merfolk Gladiator)      Turns: 24060, Time: 01:14:17

Health: -2/219     AC: 42    Str: 24    XL:     23   Next: 69%
Magic:  50/53      EV: 28    Int: 18    God:    Qazlal [******]
Gold:   803        SH: 42    Dex: 23    Spells: 74/74 levels left

rFire   + + +        W - +9 demon trident (spect)
rCold   + . .        Q - +2 tower shield {rN+}
rNeg    + . .        U - +0 shadow dragon scales
rPois   .            o - +2 helmet {Int+3}
rElec   .            y - +2 cloak
rCorr   .            H - +1 pair of gloves
SInv    .            v - +1 pair of boots
Will    +....        K - amulet of reflection
Stlth   +            s - ring of Zong {rF+ Int+5 Dex+4 Slay+3}
HPRegen 0.56/turn    Y - ring "Pojush" {rF+ rC+ Str+2 Dex+3}
MPRegen 0.33/turn

%: no teleportation, repel missiles, reflection
@: protected from physical damage
A: (nimble swimmer 2), mertail, fire resistance 1
0: Orb of Zot
}: 9/17 runes: decaying, serpentine, barnacled, slimy, elven, silver, golden,
abyssal, gossamer
a: Renounce Religion, Upheaval, Elemental Force, Disaster Area


You were in the Dungeon.
You worshipped Qazlal.
Qazlal was exalted by your worship.
You visited 1 branch You collected 1997 gold pieces.
You spent 1194 gold pieces at shops.

Inventory:

Hand Weapons
 N - the +2 glaive of the Viny God {holy, Int+4}
   (You found it in the Dungeon)

   Int+4:     It affects your intelligence (+4).
 W - a +9 spectral demon trident (weapon)
Missiles
 c - 5 silver javelins
 d - 4 throwing nets
 e - 2 javelins (quivered)
Armour
 o - a +2 helmet of intelligence (worn)
 v - a +1 pair of boots (worn)
 y - a +2 cloak (worn)
 H - a +1 pair of gloves (worn)
 Q - a +2 tower shield of positive energy (worn)
 R - a +3 tower shield of reflection
 U - +0 shadow dragon scales (worn)
Jewellery
 n - the ring of Sloth {*Slow +Blink rElec rF+ EV+3}
   (You found it in the Dungeon)

   [ring of evasion]

   EV+3:      It affects your evasion (+3).
   rF+:       It protects you from fire.
   rElec:     It insulates you from electricity.
   +Blink:    It lets you blink.
   *Slow:     It may slow you when you take damage.
 q - a +6 ring of dexterity
 s - the ring of Zong (left hand) {rF+ Int+5 Dex+4 Slay+3}
   (You found it in the Dungeon)

   [ring of protection from fire]

   Int+5:     It affects your intelligence (+5).
   Dex+4:     It affects your dexterity (+4).
   Slay+3:    It affects your accuracy & damage with ranged weapons and melee
   (+3).
   rF+:       It protects you from fire.
 w - a ring of protection from fire
 E - a ring of poison resistance
 F - a ring of see invisible
 G - a ring of willpower
 J - a ring of wizardry
 K - an amulet of reflection (around neck)
 L - a +2 ring of slaying
 M - a +4 ring of evasion
 O - the ring "Edai" {rC+ rN+ Slay+3}
   (You found it in the Dungeon)

   [ring of slaying]

   Slay+3:    It affects your accuracy & damage with ranged weapons and melee
   (+3).
   rC+:       It protects you from cold.
   rN+:       It protects you from negative energy.
 S - a ring of magical power
 X - the ring of Koinguza {rPois rN++ Will+ rCorr Str-3}
   (You found it in the Dungeon)

   [ring of willpower]

   Str-3:     It affects your strength (-3).
   rPois:     It protects you from poison rN++: It greatly protects you from
   negative energy.
   Will+:     It increases your willpower.
   rCorr:     It protects you from acid and corrosion.
 Y - the ring "Pojush" (right hand) {rF+ rC+ Str+2 Dex+3}
   (You found it in the Dungeon)

   [ring of dexterity]

   Str+2:     It affects your strength (+2).
   Dex+3:     It affects your dexterity (+3).
   rF+:       It protects you from fire.
   rC+:       It protects you from cold.
 Z - the ring "Byhig" {rC+ rN+ rCorr Int-2 Dex+3}
   (You found it in the Dungeon)

   [ring of resist corrosion]

   Int-2:     It affects your intelligence (-2).
   Dex+3:     It affects your dexterity (+3).
   rC+:       It protects you from cold.
   rN+:       It protects you from negative energy.
   rCorr:     It protects you from acid and corrosion.
Talismans
 a - the serpent talisman "Vaorghuohi" {Str+4}
   (You took it off Aizul in the Dungeon)

   [serpent talisman]

   Str+4:     It affects your strength (+4).
 V - a storm talisman
Wands
 m - a wand of roots (9)
 C - a wand of paralysis (6)
Scrolls
 h - 5 scrolls of fear
 l - 2 scrolls of amnesia
 r - a scroll of enchant weapon
 t - 6 scrolls of fog
 u - a scroll of revelation
 B - 5 scrolls of identify
 I - 4 scrolls of enchant armour
Potions
 b - 5 potions of might
 f - 6 potions of haste
 i - 6 potions of magic
 j - 3 potions of curing
 p - 6 potions of mutation
 x - a potion of lignification
 z - a potion of degeneration
 A - a potion of attraction
 D - 2 potions of brilliance
Miscellaneous
 P - the horn of Geryon


   Skills:
 O Level 27 Fighting
 + Level 18.0(21.1) Axes
 O Level 27 Polearms
 + Level 18.0(21.1) Staves
 O Level 27 Throwing
 O Level 27 Armour
 O Level 27 Dodging
 + Level 23.8 Stealth
 O Level 27 Shields
 + Level 22.0 Unarmed Combat
 * Level 26.3 Spellcasting
 + Level 23.3 Summonings
 O Level 27 Invocations
 O Level 27 Evocations
 O Level 27 Shapeshifting


You had 74 spell levels left.
You didn't know any spells.
Your spell library contained the following spells:

 Spells                   Type           Power      Damage    Failure   Level
 Ignite Poison            Fire/Alch      23%        N/A       34%         4
 Sticky Flame             Fire/Alch      23%        2d6       34%         4
 Ignition                 Fire           11%        3d5       100%        8


Dungeon Overview and Level Annotations

Branches:
Dungeon (1/1)

Altars:
Cheibriados
Dithmenos
Elyvilon
Fedhas
Gozag
Hepliaklqana
Kikubaaqudgha
Makhleb
Nemelex Xobeh
Okawaru
Qazlal
Ru
Sif Muna
Trog
Uskayaw
Vehumet
Wu Jian
Xom
Yredelemnul
Zin
The Shining One
Jiyva
Lugonu

Shops:
D [(*!


Innate Abilities, Weirdness & Mutations

((You are very nimble when in or above water. (Stealth+, EV+, Speed+++)))
Your lower body shifts to a powerful aquatic tail in water.
Your flesh is heat resistant. (rF+)


Message History

You see here a +0 trident.
Blink to where?
Press: ? - help, Dir - move target
As you read the scroll of blinking, it crumbles to dust.
Sorry, I don't know how to get there.
A hell beast comes into view.
The hell beast bleats!
You block the hell beast's attack. x2
You hit the hell beast.
The hell beast is lightly wounded.
Your +9 spectral demon trident barely misses the hell beast.
The hell beast bites you!
* * * LOW HITPOINT WARNING * * *
You block the hell beast's attack.
You impale the hell beast!!
The hell beast is moderately wounded.
Your +9 spectral demon trident hits the hell beast from afar!!
The hell beast completely misses you. You block the hell beast's attack.
You hit the hell beast.
The hell beast is severely wounded.
Your +9 spectral demon trident hits the hell beast from afar!
Xaesue gestures at you.
The bolt of dispelling energy misses your +9 spectral demon trident.
The bolt of dispelling energy misses you.
The bolt of dispelling energy hits the hell beast!!!
The hell beast dies!
Unknown command.
Unknown command.
Unknown command.
Aiming: Upheaval
Press: ? - help, Dir - move target, f - Xaesue
Aim: Xaesue (lightly wounded, surrounded by flames)
A storm cloud blasts the area with cutting wind!
The cutting wind hits Xaesue!!!
Xaesue is moderately wounded.
Your +9 spectral demon trident disappears.
Xaesue gestures at you. The bolt of dispelling energy hits you!
You feel protected from physical attacks.
You die...

▓.▓.▓.▓.▓)▓†▓+▓.▓)▓.▓[▓.▓.▓.▓'▓.
▓.▓.▓.▓)▓.▓.▓.▓°▓'▓.▓.▓.▓.▓.▓.▓.
▓.▓.▓.▓.▓)▓.▓'▓☼▓.▓.▓[▓.▓.▓.▓.▓p
▓.▓.▓.▓.▓[▓.▓.▓&▓.▓.▓[▓.▓)▓.▓.▓.
▓.▓.▓.▓.▓)▓.▓)▓☼▓)▓.▓[▓.▓.▓.▓.▓.
▓.▓.▓.▓.▓.▓.▓.▓.▓[▓.▓[▓.▓.▓.▓)▓.
▓.▓.▓'▓.▓)▓.▓'▓.▓)▓.▓.▓.▓.▓.▓[▓.
▓.▓.▓.▓)▓.▓.▓.▓.▓.▓.▓.▓.▓)▓.▓[▓.
▓.▓.▓.▓.▓+▓.▓[▓@▓)▓.▓.▓.▓.▓.▓.▓.
▓.▓.▓.▓.♣[♣.▓.▓.▓[▓.▓)▓.▓.▓.▓.▓.
▓.▓.▓.▓.♣.♣.▓[▓)▓.▓.▓)▓.▓.▓.▓[▓.
▓.▓.▓.▓.♣.♣.▓.▓.▓[▓.▓)▓.▓.▓.▓.▓.
▓.▓.▓.▓.♣.♣.▓.▓)▓.▓.▓)▓.▓.▓.▓)▓.
▓.▓÷▓.▓.♣.♣.▓.▓)▓.▓.▓)▓.▓)▓.▓)▓.
▓.▓.▓.▓≈♣.♣.▓.▓.▓.▓.▓)▓.▓)▓.▓'▓.
▓.▓.▓.▓≈♣.♣.▓)▓.▓.▓.▓)▓.▓)▓.▓.▓.
▓.▓.▓.▓≈♣.♣.▓.▓.▓.▓.▓.▓.▓)▓.▓.▓.


You could see Xaesue (clouds).

Vanquished Creatures
  the Royal Jelly (D)
  3 seraphim (D)
  Frederick (D)
  4 orbs of fire (D)
  An ancient lich (D)
  13 pandemonium lords (D)
  Xtahua (D)
  6 royal mummies (D)
  A Killer Klown (D)
  Boris (twice) (D)
  Margery (D)
  Geryon (D)
  Nikola (D)
  7 golden dragons (D)
  2 profane servitors (D)
  Jory (D)
  2 electric golems (D)
  7 Tzitzimimeh (D)
  7 Brimstone Fiends (D)
  2 hellephants (D)
  4 tentacled monstrosities (D)
  56 Orb Guardians (D)
  3 Hell Sentinels (D)
  9 liches (D)
  5 deep elf blademasters (D)
  8 Ice Fiends (D)
  10 acid blobs (D)
  5 deep elf master archers (D)
  A death cob (D)
  12 sphinxes (D)
  5 Executioners (D)
  10 shadow dragons (D)
  A tengu reaver (D)
  3 daevas (D)
  7 azure jellies (D)
  Ilsuiw (D)
  4 storm dragons (D)
  Kirke (D)
  Aizul (D)
  Frances (D)
  2 fire giants (D)
  10 rockslimes (D)
  Donald (D)
  7 nagarajas (D)
  2 draconian monks (D)
  A demonspawn warmonger (D)
  A protean progenitor (D)
  A deep elf sorcerer (D)
  6 frost giants (D)
  2 draconian shifters (D)
  2 draconian knights (D)
  2 vault wardens (D)
  4 draconian scorchers (D)
  A ghost moth (D)
  A balrug (D)
  2 draconian stormcallers (D)
  6 emperor scorpions (D)
  An iron dragon (D)
  3 angels (D)
  A draconian annihilator (D)
  8 cacodemons (D)
  2 ironbound preservers (D)
  7 reapers (D)
  3 quicksilver oozes (D)
  6 stone giants (D)
  7 demonspawn corrupters (D)
  A broodmother (D)
  A formless jellyfish (D)
  3 green draconians (D)
  3 demonspawn black suns (D)
  11 vampire knights (D)
  4 demonspawn blood saints (D)
  2 deep elf demonologists (D)
  3 black draconians (D)
  2 deep elf death magi (D)
  4 white draconians (D)
  A deep elf annihilator (D)
  An eleionoma (D)
  3 bunyips (D)
  A red draconian (D)
  2 yellow draconians (D)
  4 lorocyprocas (D)
  2 spark wasps (D)
  Snorg (D)
  2 purple draconians (D)
  2 mummy priests (D)
  6 ettins (D)
  6 green deaths (D)
  A crystal guardian (D)
  6 blizzard demons (D)
  A merfolk impaler (D)
  5 merfolk javelineers (D)
  2 deep elf high priests (D)
  An entropy weaver (D)
  5 fire dragons (D)
  2 yaktaur captains (D)
  3 great orbs of eyes (D)
  26 vault guards (D)
  5 rakshasas (D)
  Harold (D)
  4 hydras (D)
  A peacekeeper (D)
  A ghost crab (D)
  An ogre mage (D)
  4 merfolk aquamancers (D)
  A spriggan air mage (D)
  An alligator (D)
  2 ice dragons (D)
  An ironbound frostheart (D)
  A centaur warrior (D)
  7 hell beasts (D)
  2 boulder beetles (D)
  A satyr (D)
  4 merfolk avatars (D)
  2 catoblepae (D)
  4 naga warriors (D)
  A vampire mage (D)
  2 death yaks (D)
  2 deep troll earth magi (D)
  2 demonic crawlers (D)
  Sonja (D)
  3 soul eaters (D)
  2 occultists (D)
  3 hell knights (D)
  12 spriggans (D)
  A skeletal warrior (D)
  6 sun demons (D)
  9 sixfirhies (D)
  A sea snake (D)
  A glowing orange brain (D)
  A spriggan druid (D)
  6 swamp dragons (D)
  A naga ritualist (D)
  2 arcanists (D)
  An ironbound convoker (D)
  7 shadow demons (D)
  A harpy (D)
  A lindwurm (D)
  An orc sorcerer (D)
  2 necromancers (D)
  8 orc knights (D)
  3 deep elf pyromancers (D)
  An ugly thing (D)
  4 wolf spiders (D)
  2 toenail golems (D)
  2 cyclopes (D)
  A manticore (D)
  4 elephants (D)
  2 guardian serpents (D)
  12 moths of wrath (D)
  6 large abominations (D)
  2 smoke demons (D)
  4 rust devils (D)
  A torpor snail (D)
  3 black mambas (D)
  5 vault sentinels (D)
  2 naga magi (D)
  3 hellions (D)
  11 orange demons (D)
  A cane toad (D)
  An efreet (D)
  20 guardian mummies (D)
  A kobold demonologist (D)
  An ice devil (D)
  5 red devils (D)
  5 tormentors (D)
  A wandering mushroom (D)
  2 komodo dragons (D)
  3 yaktaurs (D)
  3 merfolk (D)
  A tyrant leech (D)
  2 hellwings (D)
  A raiju (D)
  A hornet (D)
  A jumping spider (D)
  A snapping turtle (D)
  A slime creature (shapeshifter) (D)
  5 ynoxinuls (D)
  2 culicivoras (D)
  2 slime creatures (D)
  8 yaks (D)
  A hog (D)
  A small abomination (D)
  A shadow (D)
  4 wyverns (D)
  3 neqoxecs (D)
  3 golden eyes (D)
  2 redbacks (D)
  3 chaos spawn (D)
  3 water moccasins (D)
  3 nagas (D)
  3 hell hounds (D)
  4 swamp drakes (D)
  19 orc warriors (D)
  A laughing skull (D)
  2 wolves (D)
  2 weeping skulls (D)
  4 bullfrogs (D)
  A scorpion (D)
  A gnoll sergeant (D)
  A wight (D)
  A killer bee (D)
  A jelly (D)
  5 orc priests (D)
  A quasit (D)
  A hound (D)
  An orc wizard (D)
  6 orcs (D)
  A ball python (D)
  2 goblins (D)
  A ball python simulacrum (D)
  A bat (D)
  A quokka zombie (D)
  2 rats (D)
759 creatures vanquished.

Vanquished Creatures (others)
  A frost giant (D)
  A hell beast (D)
  A shadow (D)
  A chaos spawn (D)
  12 spectral weapons (D)
16 creatures vanquished.

Grand Total: 775 creatures vanquished

Notes
Turn   | Place    | Note
-------+----------+-------------------------------------------
     0 | D        | Groucho the Merfolk Gladiator began the quest for the Orb.
     0 | D        | Reached XP level 1. HP: 16/16 MP: 1/1
    12 | D        | Reached skill level 1 in Armour
    19 | D        | Noticed a hound
    19 | D        | Noticed a water moccasin
    19 | D        | Noticed a scorpion
    19 | D        | Noticed a jelly
    22 | D        | Killed a jelly
    23 | D        | Reached skill level 5 in Polearms
    23 | D        | Reached skill level 5 in Dodging
    23 | D        | Reached XP level 2. HP: 15/25 MP: 2/2
    23 | D        | Reached XP level 3. HP: 18/30 MP: 3/3
    40 | D        | Killed a water moccasin
    41 | D        | Reached skill level 5 in Fighting
    41 | D        | Reached XP level 4. HP: 8/40 MP: 4/4
    41 | D        | Reached XP level 5. HP: 9/46 MP: 5/5
   584 | D        | Reached XP level 6. HP: 53/53 MP: 6/6
   888 | D        | Found a snail-covered altar of Cheibriados.
   888 | D        | Found a shadowy altar of Dithmenos.
   888 | D        | Found a white marble altar of Elyvilon.
   888 | D        | Found a blossoming altar of Fedhas.
   888 | D        | Found an opulent altar of Gozag.
   889 | D        | Found a hazy altar of Hepliaklqana.
   890 | D        | Found a viscous altar of Jiyva.
   891 | D        | Found an ancient bone altar of Kikubaaqudgha.
   892 | D        | Found a corrupted altar of Lugonu.
   893 | D        | Found a burning altar of Makhleb.
   894 | D        | Found a sparkling altar of Nemelex Xobeh.
   895 | D        | Found an iron altar of Okawaru.
   896 | D        | Found a stormy altar of Qazlal.
   897 | D        | Found a sacrificial altar of Ru.
   898 | D        | Found a shimmering blue altar of Sif Muna.
   899 | D        | Found a bloodstained altar of Trog.
   900 | D        | Found a hide-covered altar of Uskayaw.
   901 | D        | Found a radiant altar of Vehumet.
   902 | D        | Found an ornate altar of the Wu Jian Council.
   903 | D        | Found a shimmering altar of Xom.
   904 | D        | Became a worshipper of Qazlal Stormbringer
   905 | D        | Found a basalt altar of Yredelemnul.
   906 | D        | Found a glowing silver altar of Zin.
   907 | D        | Found a glowing golden altar of the Shining One.
  1004 | D        | Noticed a yak
  1004 | D        | Noticed a kobold demonologist
  1004 | D        | Noticed a yak
  1024 | D        | Killed a yak
  1024 | D        | Reached * piety under Qazlal
  1025 | D        | Reached skill level 10 in Polearms
  1025 | D        | Reached skill level 5 in Armour
  1025 | D        | Reached skill level 5 in Invocations
  1025 | D        | Reached XP level 7. HP: 43/61 MP: 7/10
  1031 | D        | Killed a kobold demonologist
  1032 | D        | Reached skill level 10 in Dodging
  1042 | D        | Killed a yak
  1042 | D        | Reached ** piety under Qazlal
  1043 | D        | Reached XP level 8. HP: 44/71 MP: 8/13
  1047 | D        | Noticed a seven-headed hydra
  1047 | D        | Noticed a boulder beetle
  1047 | D        | Noticed a cyclops
  1047 | D        | Noticed a centaur warrior
  1047 | D        | Noticed a shadow
  1047 | D        | Noticed a shadow
  1050 | D        | Killed a shadow
  1051 | D        | Killed a shadow
  1061 | D        | Killed a centaur warrior
  1062 | D        | Reached skill level 10 in Fighting
  1062 | D        | Reached skill level 10 in Invocations
  1062 | D        | Reached XP level 9. HP: 49/78 MP: 10/16
  1063 | D        | Killed a cyclops
  1064 | D        | Killed a seven-headed hydra
  1273 | D        | Killed a boulder beetle
  1274 | D        | Reached XP level 10. HP: 88/88 MP: 17/19
  1385 | D        | Got the ring of Zong {rF+ Int+5 Dex+4 Slay+3}
  1403 | D        | Reached *** piety under Qazlal
  1421 | D        | Reached **** piety under Qazlal
  1435 | D        | Reached ***** piety under Qazlal
  1455 | D        | Noticed an elephant
  1465 | D        | Noticed a cane toad
  1490 | D        | Killed an elephant
  1494 | D        | Killed a cane toad
  1494 | D        | Reached ****** piety under Qazlal
  1994 | D        | Noticed a death yak
  1994 | D        | Noticed a death yak
  1994 | D        | Noticed a catoblepas
  1997 | D        | Noticed a catoblepas
  1997 | D        | Killed a death yak
  1997 | D        | Killed a catoblepas
  1998 | D        | Reached skill level 15 in Polearms
  1998 | D        | Reached skill level 15 in Dodging
  1998 | D        | Reached skill level 15 in Invocations
  1998 | D        | Reached XP level 11. HP: 93/97 MP: 11/22
  2015 | D        | Killed a catoblepas
  2024 | D        | Killed a death yak
  2167 | D        | Noticed an orc knight
  2181 | D        | Killed an orc knight
  2443 | D        | Noticed an orc sorcerer
  2450 | D        | Killed an orc sorcerer
  2453 | D        | Noticed an orc knight
  2455 | D        | Noticed an orc knight
  2468 | D        | Killed an orc knight
  2479 | D        | Killed an orc knight
  2670 | D        | Found Qarchargh's Distillery.
  2670 | D        | Noticed an orc knight
  2675 | D        | Noticed an orc knight
  2686 | D        | Killed an orc knight
  2696 | D        | Noticed an orc knight
  2702 | D        | Killed an orc knight
  2705 | D        | Reached XP level 12. HP: 42/107 MP: 14/24
  3166 | D        | Found Cepsienia's General Store.
  3169 | D        | Found Jast's Antique Weapon Boutique.
  3173 | D        | Found Furchirodd's Armour Shop.
  3199 | D        | Reached skill level 10 in Armour
  3236 | D        | Bought a +2 leather armour of fire resistance for 209 gold
                  | pieces
  3236 | D        | Bought a +2 scale mail of cold resistance for 231 gold
                  | pieces
  3274 | D        | Bought a potion of might for 56 gold pieces
  3274 | D        | Bought a potion of mutation for 112 gold pieces
  3274 | D        | Bought a potion of lignification for 42 gold pieces
  3274 | D        | Bought a potion of degeneration for 14 gold pieces
  3274 | D        | Bought a potion of attraction for 42 gold pieces
  3274 | D        | Bought a potion of mutation for 112 gold pieces
  3276 | D        | Bought a scroll of enchant weapon for 82 gold pieces
  3276 | D        | Bought a scroll of immolation for 44 gold pieces
  3276 | D        | Bought a scroll of identify for 22 gold pieces
  3276 | D        | Bought a potion of might for 44 gold pieces
  3276 | D        | Bought a wand of paralysis (7) for 184 gold pieces
  4013 | D        | Noticed Sonja
  4026 | D        | Killed Sonja
  4027 | D        | Reached skill level 1 in Evocations
  4445 | D        | Noticed an ogre mage
  4445 | D        | Noticed a boulder beetle
  4449 | D        | Killed an ogre mage
  4452 | D        | Killed a boulder beetle
  4462 | D        | Noticed a fire dragon
  4464 | D        | Killed a fire dragon
  4465 | D        | Reached skill level 15 in Fighting
  4467 | D        | Noticed a fire dragon
  4468 | D        | Killed a deep troll earth mage
  4469 | D        | Reached skill level 5 in Shields
  4577 | D        | Noticed an occultist
  4577 | D        | Noticed a frost giant
  4587 | D        | Killed an occultist
  4587 | D        | Killed a frost giant
  4587 | D        | Killed a fire dragon
  4587 | D        | Noticed a fire giant
  4591 | D        | Killed a fire giant
  4592 | D        | Reached XP level 13. HP: 77/116 MP: 6/26
  4826 | D        | Identified the serpent talisman "Vaorghuohi" {Str+4}
  4826 | D        | Noticed Aizul
  4831 | D        | Killed Aizul
  4832 | D        | Reached skill level 5 in Evocations
  5869 | D        | Noticed a bunyip
  5869 | D        | Noticed an eleionoma
  5871 | D        | Killed a bunyip
  5871 | D        | Killed an eleionoma
  5882 | D        | Noticed a bunyip
  5883 | D        | Noticed a bunyip
  5885 | D        | Killed a bunyip
  5895 | D        | Killed a bunyip
  6111 | D        | Reached skill level 10 in Shields
  6450 | D        | Noticed a ghost moth
  6452 | D        | Noticed a broodmother
  6454 | D        | Killed a ghost moth
  6481 | D        | Killed a broodmother
  6482 | D        | Reached XP level 14. HP: 93/126 MP: 23/28
  6758 | D        | Noticed Harold
  6764 | D        | Noticed Frances
  6778 | D        | Killed Harold
  6782 | D        | Killed Frances
  7149 | D        | Noticed a stone giant
  7149 | D        | Noticed a frost giant
  7149 | D        | Noticed a frost giant
  7149 | D        | Noticed a fire giant
  7149 | D        | Noticed a frost giant
  7150 | D        | Killed a stone giant
  7150 | D        | Noticed an iron dragon
  7150 | D        | Killed a frost giant
  7150 | D        | Killed a fire giant
  7153 | D        | Noticed a stone giant
  7159 | D        | Killed a frost giant
  7159 | D        | Noticed a stone giant
  7162 | D        | Noticed a tentacled monstrosity
  7167 | D        | Killed a stone giant
  7167 | D        | Killed a frost giant
  7167 | D        | Killed a stone giant
  7167 | D        | Killed a tentacled monstrosity
  7168 | D        | Killed an iron dragon
  7210 | D        | Noticed a vampire knight
  7216 | D        | Killed a vampire knight
  7466 | D        | Noticed a frost giant
  7468 | D        | Noticed a stone giant
  7482 | D        | Killed a frost giant
  7484 | D        | Killed a stone giant
  7683 | D        | Noticed an ironbound preserver
  7685 | D        | Reached skill level 10 in Evocations
  7685 | D        | Killed an ironbound preserver
  7685 | D        | Noticed a formless jellyfish
  8092 | D        | Killed a formless jellyfish
  8092 | D        | Noticed a vault warden
  8098 | D        | Killed a vault warden
  8099 | D        | Reached XP level 15. HP: 136/136 MP: 13/30
  8286 | D        | Noticed Donald
  8299 | D        | Killed Donald
  8319 | D        | Noticed Boris
  8332 | D        | Killed Boris
  8333 | D        | Reached skill level 15 in Shields
  8829 | D        | Noticed Nikola
  8843 | D        | Killed Nikola
  8854 | D        | Noticed Kirke
  8857 | D        | Killed Kirke
  9201 | D        | Got the +2 glaive of the Viny God {holy, Int+4}
  9212 | D        | Got the +0 cloak "Yfevoumi" {Int+4}
  9344 | D        | Noticed a nagaraja
  9344 | D        | Noticed a nagaraja
  9345 | D        | Noticed a nagaraja
  9349 | D        | Killed a nagaraja
  9353 | D        | Killed a nagaraja
  9357 | D        | Killed a nagaraja
  9360 | D        | Noticed a nagaraja
  9377 | D        | Noticed a nagaraja
  9382 | D        | Noticed a nagaraja
  9388 | D        | Killed a nagaraja
  9389 | D        | Killed a nagaraja
  9391 | D        | Killed a nagaraja
  9429 | D        | Noticed a nagaraja
  9458 | D        | Killed a nagaraja
  9748 | D        | Got a serpentine rune of Zot
  9762 | D        | Noticed Ilsuiw
  9772 | D        | Killed Ilsuiw
  9903 | D        | Got a barnacled rune of Zot
  9915 | D        | Noticed an emperor scorpion
  9915 | D        | Noticed an emperor scorpion
  9915 | D        | Noticed an emperor scorpion
  9916 | D        | Killed an emperor scorpion
  9917 | D        | Killed an emperor scorpion
  9919 | D        | Killed an emperor scorpion
  9920 | D        | Reached XP level 16. HP: 148/148 MP: 14/32
 10254 | D        | Got a gossamer rune of Zot
 10760 | D        | Got a decaying rune of Zot
 10772 | D        | Noticed Snorg
 10780 | D        | Killed Snorg
 10849 | D        | Noticed Jory
 10863 | D        | Killed Jory
 11926 | D        | Noticed a tengu reaver
 11928 | D        | Noticed a Tzitzimitl
 11931 | D        | Noticed a golden dragon
 11943 | D        | Reached skill level 15 in Armour
 11943 | D        | Reached skill level 27 in Invocations
 11946 | D        | Killed a tengu reaver
 11952 | D        | Killed a golden dragon
 11955 | D        | Noticed a shadow dragon
 11957 | D        | Reached skill level 15 in Evocations
 11960 | D        | Killed a shadow dragon
 11961 | D        | Noticed a shadow dragon
 11978 | D        | Killed a shadow dragon
 11979 | D        | Reached XP level 17. HP: 69/160 MP: 2/34
 13376 | D        | Noticed a lich
 13379 | D        | Killed a lich
 13549 | D        | Got a silver rune of Zot
 13569 | D        | Noticed Xtahua
 13592 | D        | Killed Xtahua
 13603 | D        | Identified the orb of Pesaps {*channel, rC+ Will+ Int-4
                  | Hexes}
 13603 | D        | Noticed Frederick
 13611 | D        | Killed Frederick
 13992 | D        | Got the ring of Koinguza {rPois rN++ Will+ rCorr Str-3}
 13994 | D        | Got the ring "Pojush" {rF+ rC+ Str+2 Dex+3}
 13998 | D        | Got the ring "Byhig" {rC+ rN+ rCorr Int-2 Dex+3}
 14011 | D        | Got the ring of Sloth {*Slow +Blink rElec rF+ EV+3}
 14013 | D        | Got the ring "Edai" {rC+ rN+ Slay+3}
 14143 | D        | Noticed Margery
 14148 | D        | Reached skill level 5 in Shapeshifting
 14150 | D        | Killed Margery
 14151 | D        | Noticed a hellephant
 14186 | D        | Killed a hellephant
 14437 | D        | Noticed a golden dragon
 14437 | D        | Noticed a golden dragon
 14438 | D        | Killed a golden dragon
 14449 | D        | Killed a golden dragon
 14471 | D        | Reached skill level 27 in Polearms
 14505 | D        | Reached skill level 5 in Throwing
 14571 | D        | Reached skill level 27 in Dodging
 14571 | D        | Reached skill level 10 in Shapeshifting
 14583 | D        | Reached XP level 18. HP: 52/173 MP: 28/35
 15013 | D        | Noticed a tentacled monstrosity
 15017 | D        | Killed a tentacled monstrosity
 15150 | D        | Noticed a tentacled monstrosity
 15150 | D        | Noticed a tentacled monstrosity
 15151 | D        | Killed a tentacled monstrosity
 15151 | D        | Killed a tentacled monstrosity
 15550 | D        | Noticed a golden dragon
 15565 | D        | Killed a golden dragon
 15819 | D        | Noticed an Orb Guardian
 15819 | D        | Noticed an Orb Guardian
 15819 | D        | Noticed an Orb Guardian
 15819 | D        | Noticed an Orb Guardian
 15819 | D        | Noticed an Orb Guardian
 15819 | D        | Noticed an Orb Guardian
 15825 | D        | Noticed an Orb Guardian
 15826 | D        | Killed an Orb Guardian
 15828 | D        | Noticed an Orb Guardian
 15833 | D        | Killed an Orb Guardian
 15834 | D        | Reached skill level 15 in Shapeshifting
 15839 | D        | Killed an Orb Guardian
 15853 | D        | Killed an Orb Guardian
 15866 | D        | Killed an Orb Guardian
 15872 | D        | Killed an Orb Guardian
 15884 | D        | Killed an Orb Guardian
 15895 | D        | Killed an Orb Guardian
 16230 | D        | Noticed an Orb Guardian
 16230 | D        | Noticed an Orb Guardian
 16252 | D        | Killed an Orb Guardian
 16267 | D        | Killed an Orb Guardian
 16294 | D        | Noticed a golden dragon
 16294 | D        | Noticed an Orb Guardian
 16294 | D        | Noticed an Orb Guardian
 16297 | D        | Noticed an Orb Guardian
 16311 | D        | Killed an Orb Guardian
 16311 | D        | Killed a golden dragon
 16311 | D        | Killed an Orb Guardian
 16315 | D        | Noticed an Orb Guardian
 16320 | D        | Killed an Orb Guardian
 16323 | D        | Killed an Orb Guardian
 16375 | D        | Noticed an orb of fire
 16375 | D        | Noticed an ancient lich
 16379 | D        | Killed an orb of fire
 16384 | D        | Killed an ancient lich
 16385 | D        | Reached skill level 27 in Fighting
 16385 | D        | Reached XP level 19. HP: 189/189 MP: 24/36
 16682 | D        | Noticed an electric golem
 16709 | D        | Killed an electric golem
 16779 | D        | Noticed an orb of fire
 16779 | D        | Noticed an orb of fire
 16780 | D        | Killed an orb of fire
 16783 | D        | Noticed an orb of fire
 16784 | D        | Killed an orb of fire
 16786 | D        | Noticed a golden dragon
 16793 | D        | Killed an orb of fire
 16810 | D        | Noticed a golden dragon
 16971 | D        | Noticed a Killer Klown
 16972 | D        | Noticed an electric golem
 16976 | D        | Killed a golden dragon
 16977 | D        | Killed a Killer Klown
 16989 | D        | Killed a golden dragon
 16990 | D        | Reached skill level 27 in Shields
 17010 | D        | Killed an electric golem
 17465 | D        | Got the Orb of Zot
 17574 | D        | Noticed a Tzitzimitl
 17586 | D        | Killed a Tzitzimitl
 18027 | D        | Reached XP level 20. HP: 184/197 MP: 26/37
 18222 | D        | Got an elven rune of Zot
 18231 | D        | Reached skill level 27 in Evocations
 18231 | D        | Reached skill level 27 in Shapeshifting
 18256 | D        | Noticed the Royal Jelly
 18262 | D        | Killed the Royal Jelly
 18464 | D        | Got a slimy rune of Zot
 18830 | D        | Reached skill level 27 in Armour
 18847 | D        | Noticed Vostrax the pandemonium lord
 18853 | D        | Killed Vostrax the pandemonium lord
 18854 | D        | Reached skill level 10 in Throwing
 19024 | D        | Noticed a Brimstone Fiend
 19031 | D        | Killed a Brimstone Fiend
 19258 | D        | Noticed Fecoegg the pandemonium lord
 19277 | D        | Killed Fecoegg the pandemonium lord
 19424 | D        | Noticed a Tzitzimitl
 19428 | D        | Killed a Tzitzimitl
 19528 | D        | Gained mutation: Your flesh is heat resistant. (rF+) [a
                  | cacodemon]
 19642 | D        | Reached XP level 21. HP: 137/204 MP: 29/38
 20033 | D        | Noticed a royal mummy
 20033 | D        | Noticed a royal mummy
 20033 | D        | Noticed a royal mummy
 20034 | D        | Noticed a royal mummy
 20037 | D        | Noticed a royal mummy
 20039 | D        | Killed a royal mummy
 20044 | D        | Killed a royal mummy
 20045 | D        | Noticed a royal mummy
 20063 | D        | Reached skill level 27 in Throwing
 20063 | D        | Reached skill level 1 in Spellcasting
 20070 | D        | Noticed Vifoamp the pandemonium lord
 20101 | D        | Killed Vifoamp the pandemonium lord
 20232 | D        | Killed a royal mummy
 20233 | D        | Reached skill level 10 in Summonings
 20291 | D        | Reached skill level 1 in Axes
 20291 | D        | Reached skill level 1 in Staves
 20291 | D        | Reached skill level 1 in Stealth
 20291 | D        | Reached skill level 1 in Unarmed Combat
 20347 | D        | Killed a royal mummy
 20358 | D        | Killed a royal mummy
 20570 | D        | Noticed Asiemil the pandemonium lord
 20586 | D        | Killed Asiemil the pandemonium lord
 20587 | D        | Reached skill level 5 in Stealth
 20587 | D        | Reached skill level 5 in Unarmed Combat
 20716 | D        | Killed a royal mummy
 20717 | D        | Reached skill level 5 in Axes
 20717 | D        | Reached skill level 5 in Staves
 20717 | D        | Reached skill level 10 in Spellcasting
 21043 | D        | Noticed Nushukit the pandemonium lord
 21078 | D        | Killed Nushukit the pandemonium lord
 21166 | D        | Got a golden rune of Zot
 21219 | D        | Got an abyssal rune of Zot
 21231 | D        | Noticed Ikuzeola the pandemonium lord
 21239 | D        | Killed Ikuzeola the pandemonium lord
 21262 | D        | Noticed Sidofoh the pandemonium lord
 21289 | D        | Killed Sidofoh the pandemonium lord
 21290 | D        | Reached skill level 10 in Stealth
 21290 | D        | Reached skill level 15 in Summonings
 21407 | D        | Noticed a seraph
 21410 | D        | Reached skill level 10 in Unarmed Combat
 21411 | D        | Killed a seraph
 21517 | D        | Noticed a profane servitor
 21521 | D        | Noticed a seraph
 21525 | D        | Killed a seraph
 21526 | D        | Reached skill level 15 in Spellcasting
 21526 | D        | Killed a profane servitor
 21528 | D        | Reached XP level 22. HP: 109/212 MP: 12/41
 21604 | D        | Noticed Zeopt the pandemonium lord
 21608 | D        | Reached skill level 10 in Axes
 21608 | D        | Reached skill level 10 in Staves
 21618 | D        | Killed Zeopt the pandemonium lord
 22173 | D        | Noticed Geryon
 22186 | D        | Killed Geryon
 22309 | D        | Reached skill level 15 in Stealth
 22468 | D        | Noticed Qeyc the pandemonium lord
 22472 | D        | Killed Qeyc the pandemonium lord
 22473 | D        | Reached skill level 15 in Unarmed Combat
 22828 | D        | Noticed a profane servitor
 22838 | D        | Killed a profane servitor
 23181 | D        | Noticed Hisoduir the pandemonium lord
 23194 | D        | Killed Hisoduir the pandemonium lord
 23230 | D        | Noticed Tatis the pandemonium lord
 23250 | D        | Killed Tatis the pandemonium lord
 23251 | D        | Reached skill level 15 in Axes
 23251 | D        | Reached skill level 15 in Staves
 23264 | D        | Reached XP level 23. HP: 29/219 MP: 29/49
 23711 | D        | Noticed Boris
 23720 | D        | Killed Boris
 23768 | D        | Noticed Unkea the pandemonium lord
 23783 | D        | Killed Unkea the pandemonium lord
 23786 | D        | Noticed a seraph
 23786 | D        | Noticed Amupsiri the pandemonium lord
 23787 | D        | Killed Amupsiri the pandemonium lord
 23796 | D        | Killed a seraph
 24022 | D        | Noticed Xaesue the pandemonium lord
 24035 | D        | HP: 9/219 [Xaesue the pandemonium lord/bolt of dispelling
                  | energy (5)]
 24057 | D        | HP: 9/219 [hell beast (12)]
 24060 | D        | Killed from afar by Xaesue the pandemonium lord

Illustrated notes

Levels and vault maps discovered:
D:        linesprint [early_d, line_temple, items_1, d_10, items_2, lair_1,
          lair_end, items_3, orc_1, orc_end, items_4, d_15, swamp_1, shoals_1,
          snake_1, spider_1, d_20, vaults_1, items_5, swamp_end, shoals_end,
          snake_end, spider_end, vaults_end, d_27, items_6, zot_1, zot_end,
          crypt_end, forest_end, elf_end, slime_end, tomb_end, abyss_end,
          pan_hell_end]

Skill      XL: |  1  2  3  4  5  6  7  8  9 10 11 12 13 14 15 16 17 18 19 20 21 22 23 |
---------------+----------------------------------------------------------------------+-----
Armour         | 2 3 4 5 6 7 8 9 10 11 12 13 15 17 19 23 27 | 27.0
Fighting       | 4 5 6 7 9 10 11 12 14 15 16 18 19 21 23 27 | 27.0
Polearms       | 5 7 8 10 11 12 13 15 16 18 19 21 22 24 27 | 27.0
Dodging        | 5 7 8 9 10 12 13 15 16 17 19 21 22 24 27 | 27.0
Invocations    | 5 7 10 12 15 17 19 20 22 25 27 | 27.0
Evocations     | 4 8 10 12 15 18 21 26 27 | 27.0
Shields        | 6 11 14 17 20 23 25 27 | 27.0
Shapeshifting  | 10 18 26 27 | 27.0
Throwing       | 6 23 27 | 27.0
Spellcasting   | 15 22 26 | 26.3
Summonings     | 16 20 23 | 23.3
Axes           | 9 15 18 | 18.0
Staves         | 9 15 18 | 18.0
Stealth        | 13 20 23 | 23.8
Unarmed Combat | 12 18 22 | 22.0

Action                     |  1- 3 |  4- 6 |  7- 9 | 10-12 | 13-15 | 16-18 | 19-21 | 22-24 || total
---------------------------+-------+-------+-------+-------+-------+-------+-------+-------++-------
  Melee: Trident           |    26 |     9 |       |       |       |       |       |       ||    35
         Halberd           |       |    18 |    36 |   270 |   133 |       |       |       ||   457
         Glaive            |       |       |       |       |    39 |   350 |       |       ||   389
         Unarmed           |       |       |       |       |     1 |       |       |       ||     1
         Demon trident     |       |       |       |       |       |   364 |   560 |   297 ||  1221
  Throw: Throwing net      |       |     2 |       |       |       |     1 |     1 |       ||     4
         Javelin           |       |       |       |       |       |       |       |    14 ||    14
 Invoke: Upheaval          |       |       |     3 |    24 |    70 |    48 |    86 |   118 ||   349
         Disaster Area     |       |       |       |     1 |    10 |    11 |    20 |     8 ||    50
  Evoke: Wand              |       |       |       |       |     2 |       |       |       ||     2
    Use: Potion            |     3 |     2 |       |     2 |    10 |     4 |    10 |     1 ||    32
         Scroll            |       |       |       |       |     1 |       |     8 |     5 ||    14
   Stab: Held in net/web   |       |     1 |       |       |       |       |     1 |       ||     2
         Invisible         |       |     5 |     5 |       |       |       |       |       ||    10
         Petrified         |       |       |       |     9 |       |       |       |       ||     9
         Distracted        |       |       |       |       |       |       |     6 |     6 ||    12
 Armour: Leather armour    |    13 |     4 |     4 |    41 |       |       |       |       ||    62
         Scale mail        |       |       |       |     8 |    70 |   114 |       |       ||   192
         Shadow dragon sca |       |       |       |       |       |    67 |    61 |    51 ||   179
  Dodge: Dodged            |    13 |     9 |    18 |   110 |    99 |   261 |    70 |    37 ||   617
         Repelled          |       |       |       |     1 |    11 |     7 |     6 |     3 ||    28
  Block: Other             |       |       |     1 |    26 |    36 |   101 |       |       ||   164
         Reflection        |       |       |       |       |     2 |     4 |     3 |     2 ||    11
         Tower shield      |       |       |       |       |       |   289 |   458 |   215 ||   962
